 Dungeon Crawl Stone Soup version 0.31-a0-1074-g0b22e4e0f1 (webtiles) character file.

Game seed: 470922486835385271

21 jlumianski the Ruffian (level 2, 0/20 HPs)
             Began as a Gnoll Shapeshifter on Dec 5, 2023.
             Succumbed to an adder's poison
             ... on level 2 of the Dungeon.
             The game lasted 00:02:01 (375 turns).

jlumianski the Ruffian (Gnoll Shapeshifter)          Turns: 375, Time: 00:02:02

Health: 0/20       AC:  5    Str: 11 (13) XL:     2   Next: 83%
Magic:  2/2        EV: 11    Int:  7 (9)  God:
Gold:   27         SH:  0    Dex:  8 (11) Spells: 2/2 levels left

rFire   . . .        l - +3 trident (flame)
rCold   . . .        (no shield)
rNeg    . . .        k - +0 ring mail
rPois   +            (helmet currently unavailable)
rElec   .            (cloak currently unavailable)
rCorr   .            (gloves currently unavailable)
SInv    .            (boots currently unavailable)
Will    .....        (no amulet) Stlth
                     (no ring)
HPRegen 0.23/turn    (no ring)
MPRegen 0.08/turn

%: no passive effects
@: mighty, lethally poisoned (0 -> -2), beast-form, attractive
A: beast (slay +3), fangs 1, strong nose, distributed training, frail 1, poison
resistance
a: Begin Untransformation


You were on level 2 of the Dungeon.
You were a hulking beast.
You visited 1 branch of the dungeon, and saw 3 of its levels.

You collected 27 gold pieces.

Inventory:

Hand Weapons
 l - a +3 trident of flaming (weapon)
Armour
 a - a +0 animal skin
 k - a +0 ring mail (worn)
Talismans
 c - a beast talisman
 d - a flux talisman
Scrolls
 i - 2 scrolls of teleportation
Potions
 g - a potion of degeneration


   Skills:
 + Level 2.5 Fighting
 + Level 0.5 Short Blades
 + Level 0.5 Long Blades
 + Level 0.5 Axes
 + Level 0.5 Maces & Flails
 + Level 0.5 Polearms
 + Level 0.5 Staves
 + Level 0.5 Ranged Weapons
 + Level 0.5 Throwing
 + Level 0.5 Armour
 + Level 4.5 Dodging
 + Level 0.5 Stealth
 + Level 0.5 Shields
 + Level 6.5 Unarmed Combat
 + Level 0.5 Spellcasting
 + Level 0.4 Conjurations
 + Level 0.4 Hexes
 + Level 0.4 Summonings
 + Level 0.4 Necromancy
 + Level 0.4 Translocations
 + Level 0.4 Transmutations
 + Level 0.4 Fire Magic
 + Level 0.4 Ice Magic
 + Level 0.4 Air Magic
 + Level 0.4 Earth Magic
 + Level 0.4 Poison Magic
 + Level 0.7 Invocations
 + Level 0.5 Evocations
 + Level 6.5 Shapeshifting


You had 2 spell levels left.
You didn't know any spells.
Your spell library contained the following spells:

 Spells                   Type           Power      Damage    Failure   Level
 Summon Guardian Golem    Hex/Summ       0%         N/A       95%         3
 Orb of Destruction       Conj           0%         9d5       100%        7
 Spellforged Servitor     Conj/Summ      0%         N/A       100%        7


Dungeon Overview and Level Annotations

Branches:
Dungeon (3/15)

Altars:


Innate Abilities, Weirdness & Mutations

You are a hulking beast.
Your limbs bulge with bestial killing power. (Slay +3)
You have very sharp teeth.
Your uncanny sense of smell can sniff out nearby items.
Your experience applies equally to all skills.
You are frail. (-10% HP)
Your system is resistant to poisons. (rPois)


Message History

You see here an orc corpse.
You feel sick.
You closely miss the adder.
You feel sick. The adder bites you. x2
You are lethally poisoned!
The adder poisons you!
You puncture the adder! You burn the adder.
You kill the adder!
* * * LOW HITPOINT WARNING * * *
You feel very sick. The orc hits you with a +0 hand axe.
* * * LOW HITPOINT WARNING * * *
It was a potion of degeneration.
There was something very wrong with that liquid.
You feel weakened.
You feel dopey.
You feel clumsy.
* * * LOW HITPOINT WARNING * * *
You feel sick. The orc barely misses you.
Your transformation has ended.
You turn into a tree.
Your +0 ring mail melds into your body.
Your roots penetrate the ground.
* * * LOW HITPOINT WARNING * * *
You feel sick. The orc hits you but does no damage.
It was a potion of cancellation.
Your magical effects are unravelling.
You feel magically purged.
You feel less wooden.
Your +0 ring mail unmelds from your body.
You turn into a hulking beast.
* * * LOW HITPOINT WARNING * * *
You feel sick. The orc hits you but does no damage.
It was a potion of mutation.
You feel extremely strange.
You feel frail.
You feel resistant to poisons.
* * * LOW HITPOINT WARNING * * *
You feel sick. The orc barely misses you.
It was a potion of attraction.
You feel attractive to monsters.
* * * LOW HITPOINT WARNING * * *
You feel sick. The orc barely misses you.
It was a potion of might.
You feel very mighty all of a sudden.
You die...

#......##.............
#......##.###.########
###......##.#<#.#
#........##.#.#.#
#.#......##.#.#.# #
#..[....#.#.#.# #.......#.#.#.#
###.###.###.#.#.#.#
.......>oh..#.#.#.#
...#######..#.#.#.# ...#.....#
....#.#...#
...#...#.#.##.##.#####
#.#.#..<#.##.##.# ##...#.....
#.##.# ###....##..####.##.#
.#....#..........##.############
................................


You could see an orc.

Vanquished Creatures
  An adder (D:2)
  A dart slug (D:1)
  An orc (D:2)
  2 ball pythons
  2 bats
  A giant cockroach (D:2)
  A kobold (D:1)
  A rat (D:1)
10 creatures vanquished.

Notes
Turn   | Place    | Note
-------+----------+-------------------------------------------
     0 | D:1      | jlumianski the Gnoll Shapeshifter began the quest for the
                  | Orb.
     0 | D:1      | Reached XP level 1. HP: 17/17 MP: 1/1
    68 | D:1      | Reached XP level 2. HP: 21/23 MP: 2/2
   373 | D:2      | Gained mutation: You are frail. (-10% HP) [potion of
                  | mutation]
   373 | D:2      | Gained mutation: Your system is resistant to poisons.
                  | (rPois) [potion of mutation]
   374 | D:2      | HP: 1/20 [poisoned by an adder]
   375 | D:2      | Succumbed to an adder's poison

Illustrated notes

Levels and vault maps discovered:
D:1:      roderic_crossed_star, layout_rooms, minmay_misc_feat_room
D:2:      layout_basic, dk_noncrumbling_4
D:3:      layout_basic, mainiacjoe_overflow_six_doors_small,
          mainiacjoe_overflow_cross_hatched,
          chequers_temple_overflow_statue_of_worship,
          hellmonk_ecumenical_altar_pennies_from_heaven,
          minmay_misc_feat_enclosed, uniq_grinder

Action                     || total
---------------------------++-------
  Melee: Unarmed           ||    20
         Punch             ||     2
         Trident           ||     2
         Bite              ||     1
    Use: Potion            ||     6
         Scroll            ||     1
 Armour: Animal skin       ||     8
         Ring mail         ||    10
         Skin              ||     1
  Dodge: Dodged            ||    31

Table legend: (Time is in decaauts)
 A = Elapsed time spent in this place.
 B = Non-inter-level travel time spent in this place.
 C = Inter-level travel time spent in this place.
 D = Time resting spent in this place.
 E = Time spent auto-exploring this place.
 F = Levels seen in this place.
 G = Mean time per level.
                   A        B        C        D        E       F      G
               +--------+--------+--------+--------+--------+-----+--------+
         Total |    373 |    373 |      0 |     74 |    131 |   3 |  124.3 |
       Dungeon |    373 |    373 |      0 |     74 |    131 |   3 |  124.3 |
               +--------+--------+--------+--------+--------+-----+--------+

Top non-repeatable levels by time:
     D:2: 288 daAuts
     D:1: 75 daAuts
     D:3: 10 daAuts
